 Dungeon Crawl Stone Soup version 0.28-a0-1038-g9c4cb8273d (webtiles) character file.

Game seed: 6115316619123079012

58 bande the Covered (level 4, -1/29 HPs)
             Began as a Gargoyle Fighter on Dec 9, 2021.
             Slain by an orc wizard (4 damage)
             ... on level 3 of the Dungeon.
             The game lasted 00:03:23 (2061 turns).

bande the Covered (Gargoyle Fighter)                Turns: 2061, Time: 00:03:24

Health: -1/29      AC: 11    Str: 19    XL:     4   Next: 2%
Magic:  4/4        EV:  9    Int:  9    God:
Gold:   27         SH:  5    Dex: 11    Spells: 3/3 levels left

rFire   . . .      SeeInvis .   a - +0 war axe
rCold   . . .      Faith    +   c - +1 buckler
rNeg    + . .      Spirit   .   b - +0 scale mail
rPois   ∞          Reflect  .   (no helmet)
rElec   +          Harm     .   f - +0 cloak
rCorr   .          Rampage  .   (no gloves)
Will    .....                   (no boots)
Stlth   ..........              i - amulet of faith
HPRegen 0.09/turn               (no ring)
MPRegen 0.09/turn               (no ring)

@: no status effects
A: sickness immunity, AC +3, negative energy resistance 1, electricity
resistance, torment resistance 1, petrification resistance
a: no special abilities


You were on level 3 of the Dungeon.
You visited 1 branch of the dungeon, and saw 3 of its levels.

You collected 27 gold pieces.

Inventory:

Hand Weapons
 a - a +0 war axe (weapon)
 j - a +0 flail
 k - a +0 war axe
Armour
 b - a +0 scale mail (worn)
 c - a +1 buckler (worn)
 f - a +0 cloak (worn)
Jewellery
 i - an amulet of faith (around neck)
Potions
 d - 2 potions of might
 e - a potion of ambrosia
 g - a potion of curing
 h - a potion of brilliance {unknown}


   Skills:
 + Level 3.7 Fighting
 + Level 2.4 Axes
 + Level 4.0 Armour
 - Level 0.4 Dodging
 + Level 3.5 Shields


You had 3 spell levels left.
You didn't know any spells.
Your spell library was empty.

Dungeon Overview and Level Annotations

Branches:
Dungeon (3/15)

Altars:

Shops:
D:1 (


Innate Abilities, Weirdness & Mutations

You are immune to sickness and miasma.
Your stone body is resilient. (AC +3)
You are immune to poison.
You resist negative energy. (rN+)
You are resistant to electric shocks. (rElec)
You are resistant to unholy torment.
You are immune to petrification.


Message History

You kill the orc!
You block the bat's attack.
You hear some strange, mumbled words.
A magic dart appears from out of thin air!
The magic dart hits you!
You have reached level 4!
You feel clever.
You miss something. You closely miss the bat. The bat closely misses you.
Something hits you but does no damage.
You hear some strange, mumbled words.
A magic dart appears from out of thin air!
The magic dart hits you.
You miss something. You closely miss the bat. The bat closely misses you.
You block something's attack.
You closely miss something. You closely miss the bat.
The bat hits you but does no damage. x2
You hear some strange, mumbled words.
A magic dart appears from out of thin air!
The magic dart hits you.
You hear some strange, mumbled words.
Something tries to affect you, but you resist.
The bat hits you but does no damage.
You barely miss the bat. The bat hits you but does no damage. x3
You slash the bat!
You kill the bat!
You hear some strange, mumbled words.
You are confused.
You bump into the rock wall.
You miss something. Something hits you but does no damage. Something hits you.
You completely miss something. Something hits you.
* * * LOW HITPOINT WARNING * * *
You bump into the rock wall.
Something hits you but does no damage.
You closely miss something.
You feel less confused.
You hear some strange, mumbled words.
Something tries to affect you, but you resist.
Something hits you.
* * * LOW HITPOINT WARNING * * *
You closely miss something. Something hits you.
You die...

## # ... .#. .. #.# #
#.. ###.#.)#########
......){@......#
###.#.########.########
..............>.....
#############.#.#####
#...# ##.(# #..# #..#
.. #..# ..


There were no monsters in sight!

Vanquished Creatures
  9 orcs (D:3)
  3 bats
  7 endoplasms
  A giant cockroach (D:2)
  5 goblins
  6 hobgoblins
  A quokka (D:3)
  3 ball pythons (D:1)
  2 frilled lizards (D:1)
  3 kobolds
  3 rats
43 creatures vanquished.

Notes
Turn   | Place    | Note
-------+----------+-------------------------------------------
     0 | D:1      | bande the Gargoyle Fighter began the quest for the Orb.
     0 | D:1      | Reached XP level 1. HP: 14/14 MP: 1/1
    91 | D:1      | Found Huwkug's Weapon Boutique.
   243 | D:1      | Reached XP level 2. HP: 19/19 MP: 2/2
   300 | D:1      | Found a faded altar of an unknown god.
  1129 | D:2      | Reached XP level 3. HP: 24/24 MP: 3/3
  1763 | D:3      | Reached skill level 4 in Armour
  2050 | D:3      | Reached XP level 4. HP: 18/29 MP: 4/4
  2061 | D:3      | Slain by an orc wizard

Illustrated notes

Levels and vault maps discovered:
D:1:      amcnicky_arrival_gap_in_the_tavern_cellar, layout_loops_ring,
          hellmonk_ecumenical_altar_arch_garden, serial_shops,
          nicolae_shop_hallway_plus, minmay_misc_feat_chi
D:2:      layout_loops_ring
D:3:      layout_basic, mainiacjoe_overflow_swirl,
          nicolae_uskayaw_murder_on_the_dancefloor, minmay_misc_feat_roman,
          minmay_surrounded

Skill      XL: |  1  2  3 |
---------------+----------+-----
Axes           | 2 |  2.4
Armour         | 4 |  4.0
Fighting       | |  3.7
Dodging        | |  0.4
Shields        | |  3.5

Action                   |  1- 3 |  4- 6 || total
-------------------------+-------+-------++-------
Melee: War axe           |   123 |     9 ||   132
  Use: Scroll            |     6 |       ||     6
Armor: Scale mail        |    55 |     9 ||    64
Dodge: Dodged            |    59 |     2 ||    61
Block: Buckler           |    42 |     1 ||    43

Table legend: (Time is in decaauts)
 A = Elapsed time spent in this place.
 B = Non-inter-level travel time spent in this place.
 C = Inter-level travel time spent in this place.
 D = Time resting spent in this place.
 E = Time spent auto-exploring this place.
 F = Levels seen in this place.
 G = Mean time per level.
                   A        B        C        D        E       F      G
               +--------+--------+--------+--------+--------+-----+--------+
         Total |   2114 |   2092 |     22 |    621 |   1092 |   3 |  704.7 |
       Dungeon |   2114 |   2092 |     22 |    621 |   1092 |   3 |  704.7 |
               +--------+--------+--------+--------+--------+-----+--------+

Top non-repeatable levels by time:
     D:1: 1096 daAuts
     D:2: 628 daAuts
     D:3: 389 daAuts
